Map: Dusk Towers

Players

Warenxx

  • Race: Zerg Zerg
  • League: Master

MorN - Winner!

  • Race: Terran Terran
  • League: Master

VOD

Have the link to the VOD?

Description

Time

  • Played on: Nov. 29, 2015, 9:10 p.m.
  • Length: 10:59
Show
View Real Time Build Order
Export as new Build Order

Warenxx Zerg 

Build Orders: Hatch First, Muta Ling Bane 

Get SALT Encoding   

  12  0:01  Drone  
  13  0:13  Overlord  
  13  0:18  Drone  
  14  0:31  Drone x2  
  14  0:35  Drone  
  17  0:53  Drone  
  18  0:59  Hatchery  
  17  1:10  Spawning Pool  
  16  1:12  Drone  
  16  1:16  Drone  
  18  1:19  Drone  
  18  1:24  Extractor  
  18  1:29  Drone  
  19  1:40  Overlord  
  19  1:57  Queen  
  19  1:58  Zergling x2  
  22  2:02  Zergling x2  
  23  2:12  Drone x2, Queen  
  27  2:22  Drone  
  28  2:24  Overlord  
  28  2:28  Metabolic Boost  
  28  2:35  Queen  
  30  2:56  Drone x3  
  33  3:03  Hatchery  
  33  3:05  Drone  
  33  3:11  Overlord  
  33  3:14  Drone x3  
  36  3:23  Overlord  
  36  3:32  Drone x5  
  36  3:34  Drone  
  42  3:36  Drone  
  42  3:38  Drone  
  44  3:42  Drone  
  45  3:53  Lair  
  45  3:56  Extractor  
  45  3:57  Extractor  
  45  3:58  Extractor  
  45  3:59  Drone x2  
  45  4:00  Drone x3  
  47  4:10  Overlord x2  
  47  4:15  Drone x4  
  51  4:21  Baneling Nest  
  50  4:33  Drone x5  
  50  4:34  Drone  
  50  4:37  Drone x2  
  58  4:40  Drone x3  
  61  4:45  Overlord  
  61  4:50  Burrow  
  61  4:51  Zergling x6  
  64  5:02  Overlord  
  64  5:03  Spire, Zergling x4  
  64  5:05  Zergling x4  
  64  5:06  Zergling x2  
  68  5:10  Centrifical Hooks  
  68  5:15  Baneling x3  
  68  5:17  Drone x3  
  68  5:18  Drone  
  72  5:21  Drone  
  72  5:22  Drone x2  
  72  5:23  Drone  
  72  5:27  Pneumatized Carapace  
  76  5:29  Overlord  
  76  5:35  Spore Crawler  
  75  5:37  Overlord x2  
  75  5:50  Zergling x6  
  75  5:51  Zergling x8  
  75  5:53  Overlord x2  
  75  5:54  Extractor x2  
  80  6:16  Mutalisk  
  80  6:17  Mutalisk x6  
  92  6:28  Overlord  
  92  6:33  Drone  
  92  6:34  Drone x12  
  105  6:41  Evolution Chamber  
  105  6:43  Evolution Chamber, Hatchery  
  102  6:48  Hatchery  
  102  6:52  Overlord x2  
  97  7:14  Zergling x2  
  97  7:15  Zergling x22  
  99  7:18  Zergling x6  
  99  7:21  Zergling x4  
  76  7:42  Hatchery, Zergling x6  
  77  7:55  Zerg Melee Weapons Level 1  
  77  7:56  Zerg Ground Armor Level 1  
  70  8:00  Overseer  
  70  8:07  Mutalisk x2  
  74  8:18  Baneling x3  
  74  8:19  Zergling x6, Baneling  
  78  8:20  Zergling x8  
  79  8:27  Zergling x2  
  79  8:28  Zergling x2  
  79  8:38  Zergling x6  
  82  8:41  Baneling x3  
  82  8:42  Baneling x2  
  82  8:46  Overlord  
  82  8:49  Overseer  
  82  8:52  Queen x2  
  86  9:01  Mutalisk  
  88  9:04  Zergling x12  
  88  9:05  Baneling, Zergling x8  
  88  9:06  Baneling x16  
  98  9:11  Zergling x4  
  98  9:13  Zergling x6  
  98  9:15  Zergling x2  
  97  9:38  Mutalisk x3  
  88  9:45  Mutalisk  
  90  9:46  Zergling x2  
  90  9:47  Zergling x26  
  106  9:59  Mutalisk  
  106  10:01  Zergling x16  
  106  10:24  Zergling x20  
  106  10:25  Zergling x6  
  106  10:28  Baneling x5  
Show
View Real Time Build Order
Export as new Build Order

MorN Terran - Winner!

Build Orders: Reaper Expand, MMM Bio 

Get SALT Encoding   

  12  0:01  SCV  
  13  0:13  SCV  
  14  0:17  Supply Depot  
  14  0:25  SCV  
  15  0:39  SCV  
  15  0:40  Barracks  
  16  0:44  Refinery  
  16  0:51  SCV  
  17  1:03  SCV  
  18  1:15  SCV  
  19  1:28  Orbital Command  
  19  1:29  Reaper  
  20  1:41  Command Center  
  20  1:52  Supply Depot  
  20  1:56  SCV  
  21  2:01  Barracks Reactor  
  21  2:13  SCV  
  22  2:23  Factory  
  22  2:27  SCV  
  23  2:30  Refinery  
  23  2:40  Marine x2  
  25  2:58  Marine x2  
  26  3:03  Command Center  
  26  3:05  SCV  
  27  3:06  Orbital Command  
  27  3:16  Starport, Marine x2  
  27  3:18  Factory Tech Lab  
  29  3:21  SCV  
  30  3:32  SCV  
  30  3:33  SCV  
  32  3:35  Marine x2  
  32  3:40  Siege Tank  
  37  3:45  SCV  
  38  3:51  SCV  
  38  3:53  Marine x2  
  38  3:55  Viking  
  43  3:59  Supply Depot  
  43  4:01  SCV  
  44  4:03  SCV  
  45  4:16  Orbital Command  
  45  4:21  Factory Reactor  
  45  4:22  Barracks  
  45  4:26  Stimpack, Barracks  
  45  4:32  Marine  
  45  4:35  Starport Reactor  
  45  4:37  SCV x2  
  48  4:40  Refinery x2  
  48  4:45  Engineering Bay  
  48  4:48  Orbital Command  
  48  4:50  Engineering Bay  
  48  4:55  SCV x2  
  50  5:07  SCV x2  
  50  5:09  Factory Reactor  
  50  5:11  Marine x3  
  55  5:17  Medivac x2  
  55  5:19  SCV  
  55  5:20  SCV, Marine x2  
  63  5:24  Terran Infantry Weapons Level 1  
  63  5:26  Terran Infantry Armor Level 1  
  64  5:29  Marine  
  64  5:32  SCV  
  64  5:34  SCV, Marine  
  64  5:35  Marine  
  69  5:38  Supply Depot  
  68  5:43  Supply Depot, Marine  
  69  5:53  Marauder  
  69  5:56  Marine x2  
  73  5:57  Medivac x2  
  73  6:00  Widow Mine x2  
  81  6:09  Marine x2  
  83  6:14  SCV x2  
  83  6:15  Barracks  
  83  6:16  SCV, Barracks  
  86  6:20  Supply Depot  
  86  6:22  Marine x2  
  88  6:27  Combat Shields  
  88  6:39  Marine x3  
  91  6:48  Marine x2  
  91  6:49  Medivac x2, Widow Mine x2  
  91  6:51  Supply Depot  
  101  6:56  Armory  
  101  7:00  SCV, Marine  
  101  7:05  Barracks Reactor x2  
  101  7:10  SCV  
  101  7:12  SCV  
  88  7:23  Marine x4  
  88  7:24  Marauder, Medivac x2  
  98  7:30  Widow Mine x2  
  98  7:32  SCV x3  
  98  7:33  Supply Depot  
  99  7:42  Marine  
  99  7:43  Marine x5  
  99  7:44  SCV x2, Marine x2  
  100  7:45  SCV  
  100  7:48  Terran Infantry Weapons Level 2, Terran Infantry Armor Level 2  
  103  7:54  Missile Turret  
  103  7:55  Missile Turret  
  103  7:56  SCV x2  
  103  7:58  Missile Turret  
  103  8:02  Widow Mine, Liberator  
  103  8:04  Missile Turret, Marine x2  
  103  8:05  Marine, Liberator  
  108  8:11  SCV x3  
  111  8:16  Refinery  
  111  8:17  Refinery  
  117  8:28  SCV x2  
  117  8:29  SCV  
  117  8:31  Marine  
  117  8:37  Supply Depot  
  117  8:39  Supply Depot  
  117  8:40  Supply Depot  
  117  8:43  Supply Depot  
  117  8:45  Liberator  
  117  8:48  Liberator  
  117  8:49  Supply Depot  
  117  8:58  SCV x3, Marine x3  
  117  8:59  Marauder  
  117  9:00  Marine x3, Widow Mine x2  
  138  9:11  SCV x2  
  138  9:12  Marine x2  
  138  9:16  Marine  
  143  9:27  Liberator  
  143  9:28  Marine x2  
  143  9:29  Marauder, Widow Mine x2, Marine  
  143  9:30  Liberator, Marine x3  
  143  9:31  Marine  
  140  9:42  Marine  
  140  9:46  Marine x3  
  140  9:51  Marauder  
  148  9:54  Marine x4  
  148  9:59  Marine  
  152  10:00  Supply Depot x2  
  152  10:04  Marine x2  
  152  10:05  Widow Mine  
  157  10:20  Marine  
  157  10:21  Marine, Widow Mine  
  157  10:22  Marine x2  
  157  10:24  Marine x3  
  168  10:31  Marine x2  
  168  10:35  Command Center  
  173  10:41  Marine  
Tags
 
Add a new tag
Caveats
  • Supply blocks, unpowered buildings, or Contaminate may cause inaccurate times.
  • Supply counts are checked every 10 seconds.